 Dungeon Crawl Stone Soup version 0.24-a0-235-g3f03afcf10 (webtiles) character file.

Game seed: 16083160181678226903

62623 Roikka the Unseen (level 14, -2/76 (77) HPs)
             Began as a Spriggan Enchanter on Apr 5, 2019.
             Was an Initiate of Gozag.
             Slain by a hornet (11 damage)
             ... on level 6 of the Lair of Beasts on Apr 6, 2019.
             The game lasted 02:18:16 (29646 turns).

Roikka the Unseen (Spriggan Enchanter)             Turns: 29646, Time: 02:18:16

HP:   -2/76 (77)    AC: 11    Str:  7    XL:     14   Next: 65%
MP:   30/30         EV: 32    Int: 18    God:    Gozag
Gold: 2448          SH:  0    Dex: 17    Spells: 26/35 levels left

rFire    . . .     SeeInvis +   a - +9 quick blade
rCold    . . .     Gourm    .   (shield restricted)
rNeg     . . .     Faith    .   M - +2 robe {Archmagi}
rPois    .         Spirit   .   C - +2 hat
rElec    .         Reflect  .   G - +2 cloak
rCorr    .         Harm     .   (gloves unavailable)
MR       ++...                  (boots unavailable)
Stlth    ++++++++..             j - amulet of rage
HPRegen  0.22/turn              r - ring of stealth
MPRegen  0.22/turn              V - +2 ring of protection

@: lethally poisoned (-2 -> -11), slowed, quick
A: very small, unfitting armour, see invisible, herbivore, speed 3, slow
metabolism 2
a: Potion Petition, Call Merchant, Bribe Branch, Renounce Religion, Evoke
Berserk Rage


You were on level 6 of the Lair of Beasts.
You worshipped Gozag.
Gozag was most pleased with you.
You were not hungry.

You visited 3 branches of the dungeon, and saw 19 of its levels.
You also visited: Gauntlet.

You collected 5117 gold pieces.
You spent 918 gold pieces at shops.
You paid 1751 gold pieces to Gozag.

Inventory:

Hand Weapons
 a - a +9 quick blade (weapon)
 b - the +7 falchion of the Blessed Realm {freeze, rF+}
   (You found it on level 4 of the Lair of Beasts)

   It has been specially enchanted to freeze those struck by it, causing extra
   injury to most foes and up to half again as much damage against particularly
   susceptible opponents.
   It can also slow down cold-blooded creatures.
   It protects you from fire.
 p - a +5 dagger of protection
Armour
 C - a +2 hat (worn)
 D - a +2 robe of magic resistance
 G - a +2 cloak (worn)
 M - a +2 robe of the Archmagi (worn)
Jewellery
 j - an amulet of rage (around neck)
 r - a ring of stealth (left hand)
 t - an uncursed ring of wizardry
 L - an uncursed ring of protection from fire
 O - an uncursed ring of poison resistance
 T - an uncursed ring of flight
 U - an uncursed ring of positive energy
 V - a +2 ring of protection (right hand)
 X - an uncursed ring of protection from cold
 Y - a +2 ring of evasion
Wands
 K - a wand of iceblast (5)
 N - a wand of acid (15)
 S - a wand of flame (24)
 Z - a wand of paralysis (2)
Scrolls
 f - a scroll of holy word
 o - 2 scrolls of magic mapping
 u - a scroll of immolation
 x - 3 scrolls of amnesia
 y - 7 scrolls of teleportation
 B - 4 scrolls of remove curse
 F - 2 scrolls of blinking
 H - 3 scrolls of enchant armour
Potions
 e - 3 potions of resistance
 g - 2 potions of haste {unknown}
 h - a potion of mutation {unknown}
 i - 4 potions of berserk rage
 k - 3 potions of heal wounds {unknown}
 l - a potion of might {unknown}
 m - 5 potions of ambrosia
 q - 8 potions of curing
 s - 3 potions of brilliance {unknown}
 z - a potion of invisibility {unknown}
 A - 3 potions of magic {unknown}
 I - 3 potions of cancellation {unknown}
 J - 3 potions of flight {unknown}
 W - a potion of agility {unknown}
Miscellaneous
 E - a lightning rod (4/4)
 P - a fan of gales
 Q - a phial of floods
 R - a lamp of fire
Comestibles
 d - 22 rations


   Skills:
 + Level 10.2 Fighting
 - Level 12.0 Short Blades
 + Level 16.1 Dodging
 + Level 18.6 Stealth
 + Level 11.3 Spellcasting
 - Level 8.0 Hexes
 - Level 2.0 Ice Magic


You had 26 spell levels left.
You knew the following spells:

 Your Spells              Type           Power        Failure   Level  Hunger
a - Corona                Hex            ######.      1%          1    None
b - Ensorcelled Hibernat  Hex/Ice        #####.       1%          2    None
c - Tukima's Dance        Hex            ######..     1%          3    None
d - Confuse               Hex            ######..     1%          3    None

Your spell library contained the following spells:

 Spells                   Type           Power        Failure   Level  Hunger
 Dazzling Spray           Conj/Hex       #####.       4%          3    None
 Animate Skeleton         Necr           N/A          7%          1    None
 Pain                     Necr           ###.         7%          1    None
 Shock                    Conj/Air       ###.         7%          1    None
 Throw Frost              Conj/Ice       ###...       7%          2    None
 Sublimation of Blood     Necr           ###.......   11%         2    None
 Swiftness                Chrm/Air       ###.....     11%         2    None
 Mephitic Cloud           Conj/Pois/Air  ###.....     21%         3    None
 Regeneration             Chrm/Necr      ###.......   21%         3    None
 Static Discharge         Conj/Air       ###.....     21%         3    None
 Vampiric Draining        Necr           ###.......   21%         3    None
 Airstrike                Air            ###.......   56%         4    ##.....
 Animate Dead             Necr           N/A          56%         4    ##.....
 Bolt of Magma            Conj/Fire/Erth ###.......   88%         5    ####...
 Dispel Undead            Necr           ###.....     88%         5    ####...
 Fireball                 Conj/Fire      ###.......   88%         5    ####...
 Irradiate                Conj/Tmut      ###.......   88%         5    ####...
 Lightning Bolt           Conj/Air       ###.......   88%         5    ####...


Dungeon Overview and Level Annotations

Branches:
Dungeon (12/15)            Temple (1/1) D:6            Lair (6/6) D:11
 Shoals (0/4) Lair:4        Snake (0/4) Lair:3        Slime (0/5) Lair:5
    Orc (0/2) D:9

Altars:
Ashenzari
Cheibriados
Dithmenos
Elyvilon
Fedhas
Gozag
Hepliaklqana
Kikubaaqudgha
Makhleb
Nemelex Xobeh
Okawaru
Qazlal
Ru
Sif Muna
Trog
Uskayaw
Vehumet
Wu Jian
Xom
Yredelemnul
Zin
The Shining One
Beogh

Shops:
D:4 [   Lair:5 [(

Annotations:
Lair:2 1 runed translucent door
Lair:3 Yosebu's ghost, journeyman GrFi


Innate Abilities, Weirdness & Mutations

You are very small and have problems with some larger weapons.
You are too small for most types of armour.
You have supernaturally acute eyesight. (SInv)
You are a herbivore.
You cover ground extremely quickly.
You need to consume almost no food.


Message History

The wolf bites you but does no damage. The warg bites you!
The hornet barely misses you. The hornet stings you.
You shrug off the repeated paralysis!
You feel sick. The wolf bites you but does no damage. The hornet stings you!
* * * LOW HITPOINT WARNING * * *
You are more poisoned.
You feel as though you will be slow longer.
The warg bites you.
* * * LOW HITPOINT WARNING * * *
The wolf bites you.
* * * LOW HITPOINT WARNING * * *
The hornet stings you but does no damage.
You can move again.
There is a stone staircase leading up, spattered with blood here.
You feel sick. The wolf completely misses you. The hornet misses you.
The hornet closely misses you. The warg barely misses you. The wolf bites you!
* * * LOW HITPOINT WARNING * * *
The hornet completely misses you. The hornet stings you!
You die...
Your body crumbles into a pile of gold.

#.........................#......
...................P.....P.......
.................................
...........................#.....
P................................
#....#......#.........#..........
#....<[....#.........##...P#...P#
#..........###..#...##.....#...##
#......#..#.##.y@h........#..#..#
#..........#...yh#.#.#.........#.
#.........#.....................#
###.............P..............P#
###...#.#........#...........####
#......##...................##
.......##..........#........#####
..#.................#.......#..##
.................#...#...........


You could see 2 hornets, a warg and a wolf.

Vanquished Creatures
  Rupert (Lair:4)
  Gastronok (D:10)
  Kirke (Lair:5)
  A minotaur (Gauntlet)
  A death ooze (Gauntlet)
  4 hydras
  A centaur warrior (D:10)
  2 two-headed ogres
  A death knight (D:11)
  Urug (D:11)
  6 death yaks (Lair:5)
  An unseen horror (D:10)
  A lindwurm (Lair:4)
  An oklob plant (Lair:5)
  2 ugly things
  A cyclops (D:11)
  11 elephants
  2 manticores
  A torpor snail (Lair:5)
  A smoke demon (Gauntlet)
  15 spiny frogs
  8 black mambas
  2 rime drakes (Lair:2)
  10 komodo dragons
  A tengu conjurer (D:11)
  A queen bee (Lair:3)
  A meliai (Lair:3)
  6 polar bears (Lair:6)
  A troll (D:9)
  4 dream sheep
  8 blink frogs
  2 hornets (Lair:3)
  Prince Ribbit (D:7)
  9 hippogriffs
  3 raiju (Lair:6)
  2 shadows
  Sigmund (D:4)
  A spectral black mamba (Gauntlet)
  A spriggan (D:7)
  54 yaks
  2 wyverns
  A wraith (D:10)
  7 basilisks
  A hungry ghost (D:10)
  2 steam dragons
  A hog (Lair:5)
  Grum (D:9)
  2 wargs (Lair:6)
  An acid dragon (D:11)
  2 nagas (Lair:2)
  4 hell hounds (Lair:6)
  11 water moccasins
  8 porcupines
  6 orc warriors
  3 sky beasts
  4 ice beasts
  9 black bears (Lair:6)
  5 phantoms
  A necrophage (D:10)
  5 ogres
  8 centaurs
  14 wolves
  9 crocodiles
  A big kobold (D:9)
  15 bullfrogs
  A gnoll sergeant (D:9)
  3 scorpions
  2 water moccasin zombies
  7 killer bees
  6 wights
  2 electric eels
  2 howler monkeys (D:11)
  11 crimson imps
  A bullfrog zombie (D:10)
  5 jellies
  5 hounds
  11 orc wizards
  9 orc priests
  A bullfrog skeleton (D:8)
  3 centaur skeletons
  An iguana (D:12)
  9 worker ants
  Robin (D:3)
  A worker ant zombie (D:11)
  A howler monkey skeleton (D:10)
  6 gnolls
  12 adders
  2 shadow imps
  2 oozes
  An adder skeleton (D:7)
  3 worms (D:2)
  A dart slug (D:2)
  11 leopard geckos
  40 orcs
  A ball python (D:3)
  9 giant cockroaches
  11 hobgoblins
  4 jackals (D:10)
  12 kobolds
  5 quokkas
  6 bats
  6 frilled lizards
  14 goblins
  A leopard gecko skeleton (D:4)
  A quokka skeleton (D:6)
  7 rats
  A fungus (Lair:5)
  3 plants
536 creatures vanquished.

Vanquished Creatures (collateral kills)
  2 wights (D:11)
  2 gnolls (D:9)
4 creatures vanquished.

Vanquished Creatures (others)
  A dancing weapon (D:11)
  5 humans (Lair:6)
  6 fungi
  19 plants (Lair:6)
  4 toadstools (Lair:2)
35 creatures vanquished.

Grand Total: 575 creatures vanquished

Notes
Turn   | Place    | Note
-------+----------+-------------------------------------------
     0 | D:1      | Roikka the Spriggan Enchanter began the quest for the Orb.
     0 | D:1      | Reached XP level 1. HP: 9/9 MP: 5/5
   301 | D:1      | Reached XP level 2. HP: 13/13 MP: 6/6
   309 | D:1      | Learned a level 2 spell: Ensorcelled Hibernation
  1386 | D:2      | Reached XP level 3. HP: 12/16 MP: 8/8
  1522 | D:2      | Reached skill level 5 in Stealth
  1542 | D:2      | Learned a level 3 spell: Tukima's Dance
  2108 | D:2      | Reached XP level 4. HP: 21/21 MP: 0/10
  2640 | D:2      | Learned a level 3 spell: Confuse
  4037 | D:3      | Reached XP level 5. HP: 21/24 MP: 0/11
  4286 | D:3      | Noticed an ice beast
  4304 | D:3      | Found a basalt altar of Yredelemnul.
  4397 | D:3      | Killed an ice beast
  4397 | D:3      | Reached skill level 1 in Ice Magic
  4397 | D:3      | Reached XP level 6. HP: 12/28 MP: 9/13
  4611 | D:3      | Found an ancient bone altar of Kikubaaqudgha.
  4611 | D:3      | Found a hide-covered altar of Uskayaw.
  4936 | D:3      | Reached skill level 6 in Stealth
  5179 | D:4      | Reached skill level 5 in Hexes
  5248 | D:4      | Noticed Robin
  5494 | D:3      | Killed Robin
  5663 | D:4      | Reached skill level 5 in Short Blades
  5663 | D:4      | Reached XP level 7. HP: 32/32 MP: 11/14
  5722 | D:4      | Found Muawaduh's Antique Armour Boutique.
  5840 | D:4      | Reached skill level 7 in Stealth
  6078 | D:4      | Found a glowing golden altar of the Shining One.
  6148 | D:4      | Noticed Sigmund
  6156 | D:4      | Killed Sigmund
  6182 | D:4      | Found a blossoming altar of Fedhas.
  6614 | D:5      | Entered Level 5 of the Dungeon
  6771 | D:5      | Reached skill level 8 in Stealth
  7218 | D:5      | Reached skill level 5 in Dodging
  7218 | D:5      | Reached XP level 8. HP: 36/36 MP: 15/15
  7716 | D:6      | Found a staircase to the Ecumenical Temple.
  7727 | Temple   | Entered the Ecumenical Temple
  7971 | Temple   | Became a worshipper of Gozag Ym Sagoz the Greedy
  8152 | D:6      | Found a burning altar of Makhleb.
  8156 | D:6      | Reached skill level 1 in Fighting
  8383 | D:6      | Reached skill level 9 in Stealth
  8979 | D:6      | Found a shadowy altar of Dithmenos.
  9103 | D:4      | Bought a runed hat for 161 gold pieces
  9103 | D:4      | Bought a runed robe for 85 gold pieces
  9330 | D:7      | Reached XP level 9. HP: 43/43 MP: 11/16
  9416 | D:7      | Reached skill level 10 in Stealth
  9780 | D:7      | Noticed Prince Ribbit
 10041 | D:7      | Killed Prince Ribbit
 10194 | D:7      | Got a transparent steel ring
 10195 | D:7      | Identified the ring of Dithmenos's Esteem {*Slow rPois MR+
                  | Dex+2} (You found it on level 7 of the Dungeon)
 10559 | D:7      | Reached skill level 11 in Stealth
 11024 | D:8      | Reached skill level 12 in Stealth
 11029 | D:8      | Found a radiant altar of Vehumet.
 11029 | D:8      | Found a blossoming altar of Fedhas.
 11031 | D:8      | Found a shimmering altar of Xom.
 11090 | D:8      | Found an iron altar of Okawaru.
 11091 | D:8      | Found a sacrificial altar of Ru.
 11313 | D:8      | Found a deep blue altar of Sif Muna.
 11373 | D:8      | Noticed a two-headed ogre
 11403 | D:8      | Killed a two-headed ogre
 11403 | D:8      | Reached skill level 5 in Fighting
 11403 | D:8      | Reached XP level 10. HP: 40/51 MP: 6/17
 11658 | D:9      | Found a roughly hewn altar of Beogh.
 12118 | D:9      | Noticed Grum
 12299 | D:9      | Killed Grum
 12651 | D:9      | Reached skill level 13 in Stealth
 13146 | D:9      | Found a staircase to the Orcish Mines.
 13232 | D:9      | Found a glowing silver altar of Zin.
 13429 | D:10     | Entered Level 10 of the Dungeon
 13443 | D:10     | Reached skill level 10 in Dodging
 13482 | D:10     | Noticed Gastronok
 13733 | D:10     | Killed Gastronok
 13733 | D:10     | Reached skill level 14 in Stealth
 13733 | D:10     | Reached XP level 11. HP: 33/56 MP: 1/18
 14015 | D:10     | Reached skill level 10 in Short Blades
 14865 | D:10     | Noticed an unseen horror
 14865 | D:10     | Noticed a centaur warrior
 14865 | D:10     | Noticed a seven-headed hydra
 14866 | D:10     | Found the +8 glaive of the Guard {elec, +Rage AC+5 SInv}
 14893 | D:10     | Killed a centaur warrior
 14927 | D:10     | Killed a seven-headed hydra
 14927 | D:10     | Reached skill level 5 in Spellcasting
 14980 | D:10     | Killed an unseen horror
 15159 | D:10     | Found a runed translucent door.
 15181 | D:10     | Identified the Guide on Heat and Darkness
 15489 | D:11     | Reached skill level 15 in Stealth
 15853 | D:11     | Noticed a brown ugly thing
 16255 | D:10     | Killed a brown ugly thing
 16344 | D:11     | Noticed a two-headed ogre
 16347 | D:11     | Killed a two-headed ogre
 16379 | D:11     | Found a staircase to the Lair.
 16727 | D:11     | Reached XP level 12. HP: 61/61 MP: 13/22
 16973 | D:11     | Found a large runed translucent door.
 16973 | D:11     | Found a large runed translucent door.
 17103 | D:11     | Found a large runed translucent door.
 17103 | D:11     | Found a large runed translucent door.
 17233 | D:11     | Noticed a death knight
 17434 | D:11     | Noticed Urug
 17446 | D:11     | Killed Urug
 18080 | D:11     | Killed a death knight
 18641 | Lair:1   | Entered Level 1 of the Lair of Beasts
 19042 | Lair:1   | Reached skill level 16 in Stealth
 20272 | Lair:2   | Noticed a five-headed hydra
 20298 | Lair:2   | Killed a five-headed hydra
 20713 | Lair:2   | Noticed a dire elephant
 20713 | Lair:2   | Noticed a catoblepas
 20732 | Lair:2   | Found a runed translucent door.
 21246 | Lair:1   | Reached XP level 13. HP: 66/66 MP: 17/26
 21491 | Lair:2   | Reached skill level 15 in Dodging
 21533 | Lair:3   | Found a staircase to the Snake Pit.
 22521 | Lair:3   | Noticed Yosebu's ghost (journeyman GrFi)
 22522 | Lair:3   | Found a transporter.
 22526 | Lair:3   | Found a transporter.
 23414 | Lair:4   | Found a gate leading to a gauntlet.
 23437 | Gauntlet | Entered a Gauntlet
 23437 | Gauntlet | Found a transporter.
 23437 | Gauntlet | Noticed a death ooze
 23449 | Gauntlet | Found a transporter.
 23450 | Gauntlet | Found a transporter.
 23462 | Gauntlet | Killed a death ooze
 23469 | Gauntlet | Found a transporter.
 23495 | Gauntlet | Found a transporter.
 23496 | Gauntlet | Found a transporter.
 23513 | Gauntlet | Found a transporter.
 23541 | Gauntlet | Found a transporter.
 23543 | Gauntlet | Got a translucent ivory ring
 23827 | Gauntlet | Identified the ring "Dituawa" {EV+1 Str+4 Int+3 Stlth-}
                  | (You found it in a Gauntlet)
 23840 | Gauntlet | Noticed a minotaur
 23933 | Gauntlet | Killed a minotaur
 23961 | Gauntlet | Got an iridescent war axe
 24208 | Lair:4   | Noticed Rupert
 24215 | Lair:4   | Killed Rupert
 24215 | Lair:4   | Reached skill level 17 in Stealth
 24644 | Lair:4   | Found a staircase to the Shoals.
 24696 | Lair:4   | Got a jewelled falchion
 24697 | Lair:4   | Identified the +7 falchion of the Blessed Realm {freeze,
                  | rF+} (You found it on level 4 of the Lair of Beasts)
 25152 | Lair:5   | Identified Faogeced's Guide on Hurtful Feathers
 25443 | Lair:5   | Found a staircase to the Slime Pits.
 26098 | Lair:6   | Entered Level 6 of the Lair of Beasts
 26250 | Lair:5   | Bought a +5 quick blade for 672 gold pieces
 26418 | Lair:5   | Reached XP level 14. HP: 74/74 MP: 24/28
 26533 | Lair:5   | Reached skill level 10 in Spellcasting
 26860 | Lair:6   | Noticed Kirke
 27064 | Lair:5   | Killed Kirke
 27527 | Lair:5   | Reached skill level 10 in Fighting
 27720 | Lair:6   | Reached skill level 18 in Stealth
 29643 | Lair:6   | Paralysed by a hornet for 3 turns
 29646 | Lair:6   | Slain by a hornet

Levels and vault maps discovered:
D:1:      lemuel_arrival_lava_pool, layout_basic
D:2:      layout_basic, first_ration
D:3:      layout_basic, gammafunk_temple_overflow_claw, serial_curves,
          eino_curves_01, eino_curves_02
D:4:      layout_gridville, old_standard_altar, serial_shops,
          nicolae_shop_crystal, minmay_ruined_shrine, uniq_sigmund, uniq_robin
D:5:      layout_gridville
D:6:      layout_basic, makhleb_grotto_becter, kennysheep_little_box,
          minmay_temple_entry_proselytizer
D:7:      layout_loops_ring, the_bakery, minivault_10, uniq_prince_ribbit1
D:8:      layout_loops_ring, nicolae_overflow_crystal_walls,
          nicolae_overflow_hidden_temple, kennysheep_small_circle
D:9:      layout_irregular_city, zin_scriptorium, orc_0_dummy,
          david_defended_altar_orc, uniq_grum
D:10:     minmay_the_grid_triangle_9x9_recursive_2
          [minmay_the_grid_triangle_9x9_prize_insulated,
          minmay_the_grid_triangle_9x9_subtriangle,
          minmay_the_grid_triangle_9x9_semitri,
          minmay_the_grid_triangle_9x9_cache], layout_loops_ring, uniq_gastronok
D:11:     layout_roguey, dpeg_oklobed_lair, minmay_hollow_rounded_squares,
          uniq_urug
D:12:     layout_cave_pods, serial_shops, nicolae_shop_waterfront,
          serial_rivers, chequers_serial_rivers_room_b,
          chequers_serial_rivers_large_a, chequers_serial_rivers_micro_e,
          chequers_serial_rivers_room_b, uniq_erolcha
Temple:   grunt_temple_mini_profane
Lair:1:   layout_cave_pods, serial_bayou_shore_a
Lair:2:   gammafunk_lair_enchanted_lake, layout_chaotic_city,
          grunt_megastairs_1, lemuel_fruit_tree
Lair:3:   layout_regular_city, guppyfry_snake_entry_island,
          gammafunk_ghost_hive, grunt_megastairs_4
Lair:4:   layout_long_grid, elwin_shoals_entry_rocks, gauntlet_entry_generic,
          nicolae_volcano_entry_vermiform, cheibrodos_lair_caveside_slide,
          infiniplex_staircase_pool, uniq_rupert
Lair:5:   layout_small_grid, minmay_slime_entry_oklob_open,
          kennysheep_basilisk_garden, grunt_megastairs_2, serial_bayou_shore_b
Lair:6:   hangedman_lair_caniforms_friends, layout_misc_corridors, wormcave,
          st_stairs_3, uniq_kirke
Gauntlet: minmay_gauntlet_77_tree [minmay_gauntlet_arena_77_tiled_triplets,
          minmay_gauntlet_arena_77_checkered, minmay_gauntlet_arena_77_squiggly,
          minmay_gauntlet_arena_77_shame_cube, minmay_gauntlet_arena_77_braids,
          minmay_gauntlet_arena_77_p_blocks, minmay_gauntlet_arena_77_fan,
          gauntlet_exit_green]

Skill      XL: |  1  2  3  4  5  6  7  8  9 10 11 12 13 14 |
---------------+-------------------------------------------+-----
Spellcasting   | 3 4 6 8 9 11 | 11.3
Short Blades   | 2 3 4 5 6 7 8 9 10 11 12 | 12.0
Hexes          | 4 5 6 7 8 |  8.0
Stealth        | 5 6 8 9 12 14 15 16 17 18 | 18.6
Ice Magic      | 1 2 |  2.0
Dodging        | 5 7 8 10 12 14 15 16 | 16.1
Fighting       | 2 5 6 7 9 10 | 10.2

Action                   |  1- 3 |  4- 6 |  7- 9 | 10-12 | 13-15 || total
-------------------------+-------+-------+-------+-------+-------++-------
Melee: Dagger            |   105 |   226 |   462 |   572 |   145 ||  1510
       Long sword        |       |       |       |    84 |       ||    84
       Falchion          |       |       |       |       |     8 ||     8
       Quick blade       |       |       |       |       |   244 ||   244
 Fire: Hunting sling     |       |    16 |       |       |       ||    16
Throw: Stone             |       |       |       |     1 |       ||     1
 Cast: Corona            |     5 |       |     1 |     1 |       ||     7
       Ensorcelled Hiber |    31 |    46 |    67 |   200 |   254 ||   598
       Confuse           |       |     1 |    19 |    40 |    51 ||   111
       Tukima's Dance    |       |       |       |    12 |       ||    12
Invok: Call Merchant     |       |       |       |       |     2 ||     2
Evoke: Wand              |       |       |       |    11 |     8 ||    19
       Lightning rod     |       |       |       |     1 |     4 ||     5
  Use: Scroll            |       |     7 |     5 |    10 |    21 ||    43
 Stab: Sleeping          |    20 |    30 |    47 |   133 |   136 ||   366
       Confused          |       |     2 |     5 |    17 |    16 ||    40
       Distracted        |       |       |     3 |     5 |     9 ||    17
  Eat: Ration            |     1 |     2 |     5 |     8 |     4 ||    20
Armor: Robe              |     9 |    19 |    27 |    34 |    41 ||   130
Dodge: Dodged            |    78 |   186 |   251 |   336 |   404 ||  1255
       Rpst.: Long sword |       |       |       |     1 |       ||     1

Table legend:
 A = Non-vault XP
 B = Vault XP
 C = Vault XP percentage of total XP
 D = Non-vault monster count
 E = Vault monster count
 F = Vault count percentage of total count
                 A         B        C        D         E       F
            +---------+---------+-------+---------+---------+-------
      Total |   55591 |   33871 |  37.9 |     404 |     132 |  24.6
            +---------+---------+-------+---------+---------+-------
        D:1 |      40 |       0 |   0.0 |      20 |       0 |   0.0
        D:2 |     102 |       0 |   0.0 |      29 |       0 |   0.0
        D:3 |     271 |      32 |  10.6 |      29 |      10 |  25.6
        D:4 |     612 |     232 |  27.5 |      18 |       6 |  25.0
        D:5 |     146 |       0 |   0.0 |       7 |       0 |   0.0
        D:6 |    1124 |      89 |   7.3 |      24 |       2 |   7.7
        D:7 |     951 |     470 |  33.1 |      22 |       2 |   8.3
        D:8 |    2419 |     445 |  15.5 |      22 |       6 |  21.4
        D:9 |    1992 |     259 |  11.5 |      20 |       3 |  13.0
       D:10 |    3173 |    6093 |  65.8 |      28 |      17 |  37.8
       D:11 |    7376 |    3349 |  31.2 |      52 |      14 |  21.2
       D:12 |     408 |       0 |   0.0 |       6 |       0 |   0.0
     Lair:1 |    2584 |     372 |  12.6 |      14 |       1 |   6.7
     Lair:2 |    4516 |    2818 |  38.4 |      20 |       9 |  31.0
     Lair:3 |    5146 |    2783 |  35.1 |      21 |      13 |  38.2
     Lair:4 |    3126 |    3486 |  52.7 |      17 |       2 |  10.5
     Lair:5 |   16156 |    4292 |  21.0 |      39 |      10 |  20.4
     Lair:6 |    5449 |    6022 |  52.5 |      16 |      31 |  66.0
   Gauntlet |       0 |    3129 | 100.0 |       0 |       6 | 100.0
            +---------+---------+-------+---------+---------+-------
